 Dungeon Crawl Stone Soup version 0.16.1-11-g651b585 (webtiles) character file.

21 maniek23 the Sneak (level 2, 0/13 HPs)
             Began as a Vine Stalker Enchanter on Apr 3, 2015.
             Slain by a kobold
             ... wielding a +0 dagger
              (2 damage)
             ... on level 2 of the Dungeon.
             The game lasted 00:02:09 (860 turns).

maniek23 the Sneak (Vine Stalker Enchanter)          Turns: 860, Time: 00:02:09

Health: 0/13       AC:  3    Str: 10    XL:     2   Next: 83%
Magic:  0/6        EV: 12    Int: 15    God:
Gold:   80         SH:  0    Dex: 14    Spells: 2 memorised, 3 levels left

rFire  . . .     SeeInvis .     a - +1 dagger
rCold  . . .     Clarity  .     b - +1 robe
rNeg   . . .     SustAb   .     (no shield)
rPois  .         Gourm    .     (no helmet)
rElec  .         Spirit   +     (no cloak)
rCorr  .         Warding  .     (no gloves)
rMut   .         Stasis   .     (no boots)
MR     .....                    (no amulet)
Stlth  ++++......               (no ring)
                                g - ring of stealth

@: not resistant to hostile enchantments, stealthy
A: fangs 2, regeneration 1, magic shield, antimagic bite, no device heal 3, rot
immunity
a: no special abilities


You were on level 2 of the Dungeon.
You were not hungry.

You visited 1 branch of the dungeon, and saw 2 of its levels.

You collected 80 gold pieces.

Inventory:

Hand weapons
 a - a +1 dagger (weapon)
Armour
 b - a +1 robe (worn)
 f - a +0 buckler
Jewellery
 g - a ring of stealth (left hand)
Scrolls
 e - 2 scrolls of enchant armour {unknown}
 j - a scroll of magic mapping {unknown}
Potions
 k - a potion of haste {unknown}
Books
 c - a book of Maledictions

   Spells                             Type                      Level
   a - Corona                         Hexes                        1
   b - Sure Blade                     Hexes/Charms                 2
   c - Ensorcelled Hibernation        Hexes/Ice                    2
   d - Confuse                        Hexes                        3
   e - Dazzling Spray                 Conjuration/Hexes            3
   f - Enslavement                    Hexes                        4
Comestibles
 d - 2 bread rations
 h - a beef jerky
 i - 2 meat rations
 l - a chunk of flesh


   Skills:
 + Level 0.1 Fighting
 + Level 0.8 Short Blades
 + Level 1.7 Dodging
 + Level 4.1 Stealth
 + Level 2.6 Spellcasting
 + Level 3.1 Hexes


You had 3 spell levels left.
You knew the following spells:

 Your Spells              Type           Power        Failure   Level  Hunger
a - Corona                Hex            ##.....      8%          1    #......
b - Ensorcelled Hibernat  Hex/Ice        #.....       17%         2    ###....


Dungeon Overview and Level Annotations

Branches:
Dungeon (2/15)

Altars:
Gozag


Innate Abilities, Weirdness & Mutations

You have extremely sharp teeth.
Your natural rate of healing is unusually fast.
When hurt, damage is shared between your health and your magic reserves.
Your bite disrupts and absorbs the magic of your enemies.
Potions and wands cannot restore your health.
You are immune to rotting.


Message History

Press: ? - help, Shift-Dir - straight line, f - kobold
Aim: a kobold, wielding a dagger and wearing a chain mail (heavily wounded, chance 64%)
The kobold is outlined in light.
The kobold misses you.
You hit the kobold but do no damage.
The kobold is heavily wounded.
The kobold closely misses you.
You hit the kobold but do no damage.
The kobold is heavily wounded.
The kobold closely misses you.
You hit the kobold but do no damage. You bite the kobold, but do no damage.
The kobold is heavily wounded.
The kobold closely misses you.
You hit the kobold but do no damage.
The kobold is heavily wounded.
The kobold hits you with a dagger.
* * * LOW HITPOINT WARNING * * *
You hit the kobold but do no damage. Your bite misses the kobold.
The kobold is heavily wounded.
The kobold hits you with a dagger.
You die...

########
#......#####
#......#.....
#......#....#
#####......#....#
..<...........#####
.#.##........##8_8#
# #....@.#.##...#
##.....K#.##...#
.%..........##.##
?...#...###.....#
(.....P.. +.....#
...P...# #.....#
.....P# #.....# #
...P.. ###...#.#
≈♣♣.. ##...#.#


You could see a kobold.

Vanquished Creatures
  2 worms (D:2)
  2 bats (D:1)
  A hobgoblin (D:1)
  2 kobolds (D:1)
  A giant newt (D:1)
  4 rats
12 creatures vanquished.

Notes
Turn   | Place    | Note
--------------------------------------------------------------
     0 | D:1      | maniek23, the Vine Stalker Enchanter, began the quest for the Orb.
     0 | D:1      | Reached XP level 1. HP: 9/9 MP: 3/3
   202 | D:1      | Reached XP level 2. HP: 13/13 MP: 6/6
   422 | D:1      | Reached skill level 4 in Stealth
   732 | D:2      | Learned a level 2 spell: Ensorcelled Hibernation
   778 | D:2      | Found an opulent altar of Gozag.
   860 | D:2      | Slain by a kobold

Action                   || total
-------------------------++-------
Melee: Dagger            ||    58
 Cast: Corona            ||     2
       Ensorcelled Hiber ||     1
 Stab: Sleeping          ||     6
